 Dungeon Crawl Stone Soup version 0.27-a0-3-gcf006a40f5 (webtiles) character file.

Game seed: 955210802096820713

193361 teolandon225 the Severer (level 18, -1/168 HPs)
             Began as a Minotaur Berserker on Jan 1, 2021.
             Was an Elder of Trog.
             Slain by the 26-headed Lernaean hydra (3 damage)
             ... on level 4 of the Swamp.
             The game lasted 01:23:03 (28785 turns).

teolandon225 the Severer (Minotaur Berserker)      Turns: 28785, Time: 01:23:04

Health: -1/168     AC: 35    Str: 31    XL:     18   Next: 6%
Magic:  17/17      EV: 20    Int: 14    God:    Trog [****..]
Gold:   1923       SH:  0    Dex: 20    Spells: 17/17 levels left

rFire    + + +     SeeInvis +   b - +3 battleaxe (flame)
rCold    . . .     Faith    .   (shield currently unavailable)
rNeg     . . .     Spirit   .   o - +10 plate armour of the Old World {rF++ rCorr SInv Stlth+}
rPois    +         Reflect  .   p - +0 hat {Int+3}
rElec    .         Harm     .   X - +0 cloak
rCorr    +         Rampage  .   m - +0 pair of gloves
Will     +....                  O - +1 pair of boots {run}
Stlth    ..........             I - amulet of Wu Jian's Reproof {rF+ Regen+ Slay+2}
HPRegen  0.78/turn              i - +6 ring of strength
MPRegen  0.15/turn              S - ring of the King {*Corrode rPois Str-3 Int+7 Dex+8}

@: about to teleport, berserk cooldown, slowed, studying Unarmed Combat, very
slow
A: retaliatory headbutt, horns 2
a: Renounce Religion, Berserk, Trog's Hand, Brothers in Arms


You were on level 4 of the Swamp.
You worshipped Trog.
Trog was greatly pleased with you.
You visited 4 branches of the dungeon, and saw 27 of its levels.
You also visited: Bailey.

You collected 3111 gold pieces.
You spent 1188 gold pieces at shops.

Inventory:

Hand Weapons
 a - a +6 vampiric battleaxe
 b - a +3 battleaxe of flaming (weapon)
 e - a +2 broad axe of freezing
 T - the +6 battleaxe of the Illusory Realms {vorpal, rElec rPois Int+7 Dex-2}
   (Trog gifted it to you in a bailey)

   It inflicts extra damage upon your enemies.
   It affects your intelligence (+7).
   It affects your dexterity (-2).
   It insulates you from electricity.
   It protects you from poison.
Missiles
 M - 3 throwing nets (quivered)
Armour
 m - a +0 pair of gloves (worn)
 o - the +10 plate armour of the Old World (worn) {rF++ rCorr SInv Stlth+}
   (You bought it in a shop on level 2 of the Orcish Mines)

   It greatly protects you from fire.
   It lets you see invisible.
   It provides partial protection from all sources of acid and corrosion.
   It makes you more stealthy.
 p - a +0 hat of intelligence (worn)
 v - a +3 scale mail of poison resistance
 z - a +0 ring mail of fire resistance
 O - a +1 pair of boots of running (worn)
 P - a +2 robe of positive energy
 U - a +3 plate armour of cold resistance
 X - a +0 cloak (worn)
Jewellery
 i - a +6 ring of strength (left hand)
 n - a +6 ring of strength
 x - an uncursed ring of ice
 A - an uncursed ring of resist corrosion
 D - an uncursed amulet of guardian spirit
 H - an uncursed ring of protection from fire
 I - the amulet of Wu Jian's Reproof (around neck) {rF+ Regen+ Slay+2}
   (You acquired it on level 3 of the Swamp)

   [amulet of regeneration]

   It affects your accuracy and damage with ranged weapons and melee attacks
   (+2).
   It protects you from fire.
   It increases your rate of regeneration.
 S - the ring of the King (right hand) {*Corrode rPois Str-3 Int+7 Dex+8}
   (You found it on level 6 of the Lair of Beasts)

   [ring of poison resistance]

   It affects your strength (-3).
   It affects your intelligence (+7).
   It affects your dexterity (+8).
   It protects you from poison.
   It may corrode you when you take damage.
 W - an uncursed ring of stealth
 Y - an uncursed ring of see invisible
Wands
 h - a wand of paralysis (35)
 l - a wand of polymorph (23)
 q - a wand of acid (7)
 t - a wand of iceblast (16)
 y - a wand of flame (45)
 F - a wand of disintegration (14)
 J - a wand of random effects (27)
 N - a wand of enslavement (15)
Scrolls
 d - 3 scrolls of magic mapping
 j - 13 scrolls of remove curse
 w - 10 scrolls of enchant armour
 C - 11 scrolls of teleportation
 E - 4 scrolls of fog
 R - 5 scrolls of identify
 V - a scroll of summoning
Potions
 c - 4 potions of ambrosia
 f - 11 potions of might
 g - 15 potions of curing
 k - 4 potions of cancellation
 r - 2 potions of flight
 s - 3 potions of berserk rage
 u - 4 potions of magic
 G - 5 potions of lignification
 K - 7 potions of haste
 L - 4 potions of invisibility
 Q - 9 potions of heal wounds
Books
 B - a manual of Unarmed Combat


   Skills:
 * Level 16.7 Fighting
 - Level 20.0 Axes
 * Level 19.8 Armour
 + Level 15.2 Dodging
 + Level 1.1 Stealth


You had 17 spell levels left.
You didn't know any spells.
Your spell library was empty.

Dungeon Overview and Level Annotations

Branches:
Dungeon (15/15)            Temple (0/1) D:4            Lair (6/6) D:11
  Swamp (4/4) Lair:4        Snake (0/4) Lair:4        Slime (0/5) Lair:6
    Orc (2/2) D:12            Elf (0/3) Orc:2        Vaults (0/5) D:13
 Depths (0/5) D:15         Bailey (visited)

Altars:
Dithmenos
Elyvilon
Fedhas
Gozag
Kikubaaqudgha
Qazlal
Ru
Sif Muna
Uskayaw
Vehumet
Xom
Yredelemnul
Jiyva

Shops:
D:9 *   Orc:2 }[[[=

Portals:
Abyss: Swamp:4

Annotations:
Lair:1 exclusion: oklob plant
Lair:4 exclusion: 4 oklob plants
Swamp:1 exclusion: downstairs
Swamp:4 2 transporters, Lernaean hydra; Piask's ghost, adept FoAK


Innate Abilities, Weirdness & Mutations

You reflexively headbutt those who attack you in melee.
You have a pair of horns on your head.


Message History

* * * LOW HITPOINT WARNING * * *
The 26-headed Lernaean hydra closely misses you.
The 26-headed Lernaean hydra bites you but does no damage. x2
The 26-headed Lernaean hydra barely misses you. x2
The swamp dragon completely misses you. The swamp dragon misses you. x2
The three-headed hydra closely misses you.
You furiously retaliate!
You headbutt the three-headed hydra! The three-headed hydra misses you.
The three-headed hydra bites you but does no damage.
The swamp dragon completely misses you. You furiously retaliate!
You headbutt the swamp dragon!! The swamp dragon completely misses you.
The swamp dragon tramples you but does no damage.
The 26-headed Lernaean hydra bites you but does no damage. x3
The 26-headed Lernaean hydra bites you.
* * * LOW HITPOINT WARNING * * *
The 26-headed Lernaean hydra completely misses you.
The 26-headed Lernaean hydra closely misses you.
The 26-headed Lernaean hydra bites you but does no damage.
The 26-headed Lernaean hydra bites you.
You die...

...♣♣.....#§...÷..♣≈.♣
....≈≈≈.......).§♣♣ ≈
♣♣......≈.♣.≈≈≈..♣♣♣
♣♣.≈≈≈≈≈#♣♣♣♣♣♣.≈.†♣♣
≈≈≈≈≈≈≈≈.≈ ♣§...#.♣♣
.≈§≈≈§≈≈≈§ ♣.#...#≈.♣
≈≈≈≈≈≈≈≈≈≈♣ ♣≈#.†###≈♣
≈≈≈≈≈≈≈≈♣♣ . ##D#####
≈≈≈....§♣ ♣≈##D@.#
≈.≈.≈♣♣♣≈♣ ♣ #DDD##
.≈...♣ ≈♣


#DDD# ....≈♣ #≈≈H# ≈..♣♣. #≈≈≈.≈≈ ♣♣≈♣ #≈≈≈.#≈≈# ♣♣ ##≈#...≈.. ##≈≈#≈≈#≈≈ ≈.#≈≈.
D You could see the 26-headed Lernaean hydra, 2 five-headed hydras, 2
three-headed hydras, 3 swamp dragons and a fenstrider witch.

Vanquished Creatures
  Bai Suzhen (Swamp:2)
  Jorgrun (Orc:2)
  Kirke (Lair:5)
  Gastronok (Lair:2)
  Donald (Swamp:1)
  The ghost of jejorda2 the Phalangite, an adept MfBe of Trog (Swamp:3)
  2 fenstrider witches
  Louise (Swamp:2)
  2 orc warlords
  5 dire elephants (Lair:6)
  An entropy weaver (D:12)
  5 bunyips
  An eleionoma (Swamp:3)
  2 shambling mangroves (Swamp:3)
  A quicksilver dragon zombie (D:15)
  Josephine (D:10)
  Fannar (Lair:2)
  20 hydras
  Erolcha (D:12)
  4 vault guards (D:13)
  2 boulder beetles
  The ghost of sahdkjhfkaj the Grappler, a novice TrAM of Okawaru (D:9)
  4 ghost crabs
  2 centaur warriors
  A queen ant (D:12)
  2 two-headed ogres
  6 alligators
  Erica (Orc:1)
  An anaconda (Lair:6)
  A death knight (D:14)
  A tengu warrior (D:15)
  5 death yaks
  10 skeletal warriors
  3 unseen horrors
  5 goliath frogs
  A spriggan druid (Swamp:3)
  A bog body (Swamp:2)
  11 swamp dragons
  A deep elf archer (D:13)
  A flayed ghost (D:15)
  4 lindwurms (Lair:3)
  4 orc knights
  A wizard (D:13)
  A necromancer (D:15)
  A wolf spider zombie (D:15)
  11 ugly things
  Pikel (D:9)
  A phantasmal warrior (D:14)
  5 orc sorcerers
  A deep elf mage (D:14)
  A stone giant zombie (D:15)
  2 cyclopes (D:11)
  2 will-o-the-wisps
  A manticore (D:12)
  A frost giant zombie (D:15)
  A spectral centaur (D:9)
  13 elephants
  7 black mambas
  A centaur zombie (D:14)
  4 gargoyles
  8 cane toads
  2 torpor snails (Lair:5)
  2 centaur skeletons (D:15)
  2 rime drakes
  5 komodo dragons
  A kobold demonologist (D:11)
  3 freezing wraiths (D:14)
  A tengu conjurer (D:13)
  An efreet (D:15)
  4 polar bears
  4 trolls
  4 slime creatures (D:12)
  6 tyrant leeches
  20 blink frogs
  15 dream sheep
  10 hornets
  2 meliai zombies
  A shadow (D:13)
  8 spriggans
  A centaur simulacrum (D:14)
  48 yaks
  8 wyverns
  9 wraiths
  A spriggan skeleton (D:15)
  3 hogs (Lair:5)
  8 vampire mosquitoes
  3 basilisks
  3 wargs (Orc:2)
  16 swamp worms
  7 soldier ants
  4 nagas (Lair:4)
  13 water moccasins
  A black bear (D:10)
  6 ogres
  34 orc warriors
  5 ice beasts
  3 sky beasts
  4 swamp drakes
  A phantom (D:4)
  5 boggarts (D:15)
  9 wolves
  5 centaurs
  A lemure (D:9)
  4 big kobolds
  An elf zombie (D:8)
  23 bullfrogs
  A wyvern zombie (D:10)
  A wyvern skeleton (D:12)
  2 elf skeletons (D:8)
  9 killer bees
  15 wights
  2 spectral bullfrogs (D:9)
  8 howler monkeys
  A wyvern simulacrum (D:9)
  3 bullfrog zombies
  5 jellies
  5 human zombies (D:8)
  27 orc priests
  7 hounds
  23 orc wizards
  A water moccasin simulacrum (D:9)
  Crazy Yiuf (D:7)
  3 bullfrog skeletons
  6 iguanas
  25 worker ants
  A killer bee zombie (D:9)
  An ogre skeleton (D:8)
  A hound zombie (D:7)
  A mummy (D:8)
  2 hound skeletons
  2 worker ant zombies
  15 gnolls
  5 adders
  2 shadow imps
  3 white imps
  An ufetubus (D:5)
  4 oozes
  3 worms
  3 dart slugs
  3 leopard geckos
  111 orcs
  5 bats (D:1)
  2 giant cockroaches
  18 hobgoblins
  27 kobolds
  5 quokkas
  A ball python (D:1)
  2 frilled lizards (D:1)
  25 goblins
  A jackal zombie (D:5)
  A leopard gecko skeleton (D:7)
  A leopard gecko zombie (D:4)
  A quokka skeleton (D:8)
  7 rats
  A plant (Lair:1)
901 creatures vanquished.

Vanquished Creatures (collateral kills)
  A fenstrider witch (Swamp:3)
  Nessos (Lair:4)
  An entropy weaver (D:12)
  A hydra (Swamp:2)
  A vault guard (D:13)
  Harold (Lair:2)
  An orc high priest (Orc:2)
  An orc sorcerer (Orc:2)
  A will-o-the-wisp (Swamp:2)
  4 soldier ants (D:12)
  3 orc warriors (Orc:2)
  A necrophage (D:8)
  2 orc priests (Orc:2)
  9 orc wizards (Orc:2)
  A gnoll (Bailey)
  2 goblins (Bailey)
  A kobold (D:11)
32 creatures vanquished.

Vanquished Creatures (others)
  A spriggan druid (Swamp:4)
  2 bloated husks (Swamp:1)
  A hornet (Swamp:2)
  A swamp worm (Swamp:2)
  2 humans
  An orc (Orc:2)
  12 foxfires
  14 fungi
  35 plants
  6 withered plants (D:15)
75 creatures vanquished.

Grand Total: 1008 creatures vanquished

Notes
Turn   | Place    | Note
-------+----------+-------------------------------------------
     0 | D:1      | teolandon225 the Minotaur Berserker began the quest for the
                  | Orb.
     0 | D:1      | Reached XP level 1. HP: 19/19 MP: 0/0
   143 | D:1      | Reached XP level 2. HP: 27/27 MP: 1/1
   364 | D:1      | Reached skill level 4 in Axes
   385 | D:1      | Reached ** piety under Trog
   433 | D:1      | Reached XP level 3. HP: 33/33 MP: 2/2
  1263 | D:2      | Found a white marble altar of Elyvilon.
  1476 | D:2      | Found a hide-covered altar of Uskayaw.
  1478 | D:2      | Found a stormy altar of Qazlal.
  1666 | D:2      | Found a shimmering altar of Xom.
  2078 | D:3      | Reached XP level 4. HP: 40/40 MP: 3/3
  2612 | D:4      | Reached skill level 5 in Axes
  2612 | D:4      | Reached XP level 5. HP: 47/47 MP: 4/4
  2615 | D:4      | Found a staircase to the Ecumenical Temple.
  2646 | D:4      | Found an ancient bone altar of Kikubaaqudgha.
  2646 | D:4      | Noticed a human
  2650 | D:4      | Killed a human
  2724 | D:4      | Reached *** piety under Trog
  2913 | D:4      | Reached skill level 5 in Fighting
  2913 | D:4      | Reached XP level 6. HP: 49/56 MP: 5/5
  2938 | D:4      | Reached skill level 6 in Axes
  3486 | D:5      | Entered Level 5 of the Dungeon
  3495 | D:5      | Reached XP level 7. HP: 61/61 MP: 6/6
  3569 | D:5      | Found a blossoming altar of Fedhas.
  3726 | D:5      | Reached skill level 7 in Axes
  3775 | D:5      | Reached skill level 5 in Armour
  3850 | D:5      | Reached **** piety under Trog
  4439 | D:6      | Reached skill level 5 in Dodging
  4445 | D:6      | Reached skill level 8 in Axes
  4445 | D:6      | Reached XP level 8. HP: 70/70 MP: 7/7
  5211 | D:7      | Reached skill level 9 in Axes
  5585 | D:7      | Found a shimmering blue altar of Sif Muna.
  5589 | D:7      | Found an opulent altar of Gozag.
  5598 | D:7      | Found a shadowy altar of Dithmenos.
  5683 | D:7      | Found a runed translucent door.
  5684 | D:7      | Noticed Crazy Yiuf
  5909 | D:7      | Killed Crazy Yiuf
  5967 | D:7      | Reached XP level 9. HP: 79/79 MP: 8/8
  6145 | D:7      | Reached skill level 10 in Axes
  6687 | D:8      | Noticed a two-headed ogre
  6701 | D:8      | Reached skill level 11 in Axes
  7382 | D:8      | Reached XP level 10. HP: 90/90 MP: 9/9
  7552 | D:8      | Found a basalt altar of Yredelemnul.
  7712 | D:8      | Found the +0 staff of Battle
  8081 | D:9      | Found a radiant altar of Vehumet.
  8226 | D:9      | Found Biuts's Demolitions Depot.
  8231 | D:9      | Noticed Pikel
  8240 | D:9      | Killed Pikel
  8241 | D:9      | Reached skill level 12 in Axes
  8664 | D:9      | Reached ***** piety under Trog
  8702 | D:9      | Found a runed translucent gate.
  8702 | D:9      | Found a runed translucent gate.
  8702 | D:9      | Found a runed translucent gate.
  8704 | D:9      | Noticed sahdkjhfkaj's ghost (novice TrAM)
  8704 | D:9      | Noticed a spectral centaur warrior
  9072 | D:9      | Killed a spectral centaur warrior
  9083 | D:9      | Killed sahdkjhfkaj's ghost
  9253 | D:10     | Entered Level 10 of the Dungeon
  9380 | D:10     | Noticed a gargoyle
  9388 | D:10     | Reached XP level 11. HP: 99/99 MP: 10/10
  9388 | D:10     | Received a gift from Trog
  9394 | D:10     | Reached skill level 13 in Axes
  9456 | D:10     | Reached skill level 10 in Fighting
  9745 | D:10     | Noticed Josephine
  9758 | D:10     | Killed Josephine
 10203 | D:11     | Reached skill level 10 in Armour
 10464 | D:11     | Noticed a skeletal warrior
 10464 | D:11     | Noticed a skeletal warrior
 10464 | D:11     | Noticed a skeletal warrior
 10464 | D:11     | Noticed a skeletal warrior
 10470 | D:11     | Killed an unseen horror
 10471 | D:11     | Killed a skeletal warrior
 10471 | D:11     | Killed a skeletal warrior
 10472 | D:11     | Reached skill level 14 in Axes
 10847 | D:11     | Killed a skeletal warrior
 10850 | D:11     | Killed a skeletal warrior
 11183 | D:11     | Found a staircase to the Lair.
 11470 | D:12     | Noticed Erolcha
 11477 | D:12     | Killed Erolcha
 11478 | D:12     | Reached skill level 10 in Dodging
 11478 | D:12     | Reached XP level 12. HP: 95/110 MP: 11/11
 11562 | D:12     | Found a flagged portal.
 11567 | D:12     | Got a translucent hand axe
 11572 | Bailey   | Entered a bailey
 11794 | Bailey   | Noticed an orc warlord
 11800 | Bailey   | Received a gift from Trog
 11806 | Bailey   | Killed an orc warlord
 11809 | Bailey   | Reached skill level 15 in Axes
 11813 | Bailey   | Got a warped battleaxe {god gift}
 12292 | D:12     | Found a staircase to the Orcish Mines.
 12370 | D:12     | Noticed a queen ant
 12372 | D:12     | Noticed an entropy weaver
 12373 | D:12     | Noticed an entropy weaver
 12382 | D:12     | Killed a queen ant
 12388 | D:12     | Killed an entropy weaver
 12398 | D:12     | Killed an entropy weaver
 12728 | D:12     | Identified the +7 hand axe of Fefymnust {drain, Str+2} (You
                  | found it on level 12 of the Dungeon)
 12729 | D:12     | Identified the +6 battleaxe of the Illusory Realms {vorpal,
                  | rElec rPois Int+7 Dex-2} (Trog gifted it to you in a
                  | bailey)
 13253 | Lair:1   | Entered Level 1 of the Lair of Beasts
 13279 | Lair:1   | Noticed a five-headed hydra
 13293 | Lair:1   | Killed an eight-headed hydra
 13324 | Lair:1   | Reached skill level 16 in Axes
 13384 | Lair:1   | Reached XP level 13. HP: 118/118 MP: 12/12
 13430 | Lair:1   | Reached XP level 14. HP: 127/127 MP: 13/13
 13431 | Lair:1   | Reached skill level 17 in Axes
 13431 | Lair:1   | Reached XP level 15. HP: 134/134 MP: 14/14
 14399 | Lair:2   | Noticed Gastronok
 14413 | Lair:2   | Killed Gastronok
 14511 | Lair:2   | Noticed Harold
 14519 | Lair:2   | Killed Harold
 14545 | Lair:2   | Noticed Fannar
 14548 | Lair:2   | Killed Fannar
 15244 | Lair:3   | Received a gift from Trog
 15819 | Lair:3   | Reached skill level 18 in Axes
 16273 | Lair:4   | Found a staircase to the Snake Pit.
 16420 | Lair:4   | Found a staircase to the Swamp.
 16431 | Lair:4   | Reached skill level 15 in Armour
 16559 | Lair:4   | Noticed Nessos
 16583 | Lair:4   | Killed Nessos
 16944 | Lair:5   | Found a sacrificial altar of Ru.
 17132 | Lair:5   | Received a gift from Trog
 17843 | Lair:6   | Entered Level 6 of the Lair of Beasts
 17843 | Lair:6   | Noticed Kirke
 18018 | Lair:5   | Killed Kirke
 18512 | Lair:6   | Reached XP level 16. HP: 146/146 MP: 15/15
 18528 | Lair:6   | Received a gift from Trog
 18675 | Lair:6   | Found a runed translucent door.
 18677 | Lair:6   | Found a viscous altar of Jiyva.
 18680 | Lair:6   | Found a staircase to the Slime Pits.
 18880 | Lair:6   | Got a clouded marble ring
 18887 | Lair:6   | Identified the ring of the King {*Corrode rPois Str-3 Int+7
                  | Dex+8} (You found it on level 6 of the Lair of Beasts)
 18945 | Lair:6   | Reached skill level 19 in Axes
 19541 | D:13     | Found a gate to the Vaults.
 19945 | D:14     | Received a gift from Trog
 20973 | D:15     | Entered Level 15 of the Dungeon
 21529 | D:15     | Found a staircase to the Depths.
 21881 | D:15     | Received a gift from Trog
 21891 | D:15     | Reached ****** piety under Trog
 21913 | D:15     | Reached skill level 15 in Fighting
 22403 | Orc:1    | Entered Level 1 of the Orcish Mines
 22519 | Orc:2    | Entered Level 2 of the Orcish Mines
 22536 | Orc:1    | Noticed Erica
 22543 | Orc:1    | Killed Erica
 22554 | Orc:1    | Reached skill level 20 in Axes
 23179 | Orc:2    | Found Fedues's Gadget Emporium.
 23344 | Orc:2    | Noticed Jorgrun
 23355 | Orc:2    | Paralysed by an orc sorcerer for 5 turns
 23794 | Orc:2    | Reached XP level 17. HP: 152/152 MP: 16/16
 23809 | Orc:2    | Found Uroiwu's Antique Armour Shoppe.
 23809 | Orc:2    | Found Vicruf's Armour Shoppe.
 23812 | Orc:2    | Found Fusyew's Jewellery Emporium.
 23818 | Orc:2    | Found Caycs's Armour Emporium.
 23849 | Orc:2    | Bought a runed scarf for 264 gold pieces
 23952 | Orc:2    | Killed Jorgrun
 24256 | Orc:2    | Found a shimmering altar of Xom.
 24262 | Orc:2    | Found a staircase to the Elven Halls.
 24473 | Orc:2    | Bought a fading plate armour for 924 gold pieces
 24483 | Orc:2    | Identified the +10 plate armour of the Old World {rF++
                  | rCorr SInv Stlth+} (You bought it in a shop on level 2 of
                  | the Orcish Mines)
 24715 | Swamp:1  | Entered Level 1 of the Swamp
 24880 | Swamp:1  | Noticed Donald
 24902 | Swamp:1  | Killed Donald
 25982 | Swamp:2  | Noticed Louise
 25997 | Swamp:2  | Killed Louise
 26580 | Swamp:3  | Found a runed translucent door.
 27019 | Swamp:3  | Received a gift from Trog
 27084 | Swamp:3  | Noticed Bai Suzhen
 27121 | Swamp:2  | Killed Bai Suzhen
 27327 | Swamp:3  | Reached skill level 15 in Dodging
 27733 | Swamp:2  | Identified a scroll of acquirement
 27733 | Swamp:2  | Acquired a +1 pair of boots of running
 27769 | Swamp:3  | Acquired the amulet of Wu Jian's Reproof {rF+ Regen+
                  | Slay+2}
 27973 | Swamp:3  | Noticed jejorda2's ghost (adept MfBe)
 27993 | Swamp:3  | Killed jejorda2's ghost
 28145 | Swamp:4  | Entered Level 4 of the Swamp
 28241 | Swamp:4  | Found a transporter.
 28243 | Swamp:4  | Noticed Piask's ghost (adept FoAK)
 28252 | Swamp:4  | Identified the cursed +3 trident of Righteous Fury
                  | {distort, rElec rPois Will++}
 28471 | Swamp:4  | Found a transporter.
 28477 | Swamp:4  | Found a one-way gate to the infinite horrors of the Abyss.
 28718 | Swamp:4  | Reached XP level 18. HP: 168/168 MP: 17/17
 28765 | Swamp:4  | Reached skill level 1 in Stealth
 28773 | Swamp:4  | Noticed the 27-headed Lernaean hydra
 28785 | Swamp:4  | HP: 8/168 [the 26-headed Lernaean hydra (6)]
 28785 | Swamp:4  | HP: 2/168 [the 26-headed Lernaean hydra (3)]
 28785 | Swamp:4  | Slain by the 26-headed Lernaean hydra

Illustrated notes

Levels and vault maps discovered:
D:1:      sevenhm_arrival_forest_fort_large_2, layout_loops_ring
D:2:      layout_loops_ring, elyvilon_altar_1, minitemple,
          nicolae_overflow_hidden_temple
D:3:      layout_loops_ring
D:4:      layout_loops_ring, minmay_temple_entry_statues_fountains,
          serial_forest, infiniplex_forest_lined_room_2,
          infiniplex_forest_end_1, infiniplex_forest_lined_3_way,
          infiniplex_forest_corner_2, infiniplex_forest_clump_tiny,
          infiniplex_forest_straight_2, infiniplex_forest_clump_medium,
          tgw_kikubaaqudgha
D:5:      layout_basic, fedhas_altar_fruit_tree
D:6:      layout_loops_ring, minmay_manual_mail
D:7:      layout_basic, grunt_temple_overflow_open, amethyst_killhole,
          uniq_crazy_yiuf_cottage
D:8:      wad_arrow_thing, layout_cave_pools,
          lemuel_mausoleum_altar_yredelemnul, roderic_roman_lattice
D:9:      layout_loops_ring, gammafunk_ghost_necromancy, nicolae_blasting_shop,
          st_stairs_6, vehumet_altar_wand_db, uniq_pikel
D:10:     layout_irregular_city, uniq_josephine
D:11:     layout_stronghold, lair_entry_dummy
D:12:     layout_cave_pods, david_orc_2, enter_bailey_2, minmay_another_anthill,
          uniq_erolcha
D:13:     layout_small_grid, grunt_vaults_entry_fortified
D:14:     layout_loops_ring, kennysheep_doodads
D:15:     gammafunk_depths_entry_grave, layout_loops_ring
Lair:1:   layout_roguey, minmay_lair_oklob_items, st_stairs_5
Lair:2:   layout_regular_city, uniq_gastronok, uniq_fannar, uniq_harold
Lair:3:   layout_hall_layers, minmay_lindwurm_lava
Lair:4:   layout_small_grid, minmay_swamp_entry_swarm,
          guppyfry_snake_entry_island, infiniplex_staircase_pool,
          minmay_lair_oklob_chamber, grunt_megastairs_3, uniq_nessos
Lair:5:   beast_lair_carwin_large_2, layout_concentric_octagons, basic_altar
Lair:6:   due_jungle_book, layout_cave_shapes, slime_altar_2, uniq_kirke
Swamp:1:  layout_basic_swamp, serial_swamp_ruin, evilmike_swamp_ruin_house_5,
          evilmike_swamp_ruin_house_2, uniq_donald
Swamp:2:  layout_falls_marsh, evilmike_swamp_ruin_house_3, swamp_pool3,
          st_swamp_mini, uniq_louise
Swamp:3:  layout_falls_marsh, ebering_ghost_reflecting_pool,
          nicolae_swamp_little_tower, uniq_bai_suzhen
Swamp:4:  swamp_old_school, layout_basic_swamp, gammafunk_ghost_abyssal_escape,
          swamp_pool1, nicolae_swamp_treefoil
Orc:1:    layout_caves, uniq_erica
Orc:2:    st_orc_mages, layout_diamond_mine, basic_altar, serial_shops, shop,
          uniq_jorgrun

Skill      XL: |  1  2  3  4  5  6  7  8  9 10 11 12 13 14 15 16 17 18 |
---------------+-------------------------------------------------------+-----
Axes           | 4 5 6 8 9 11 12 14 16 17 18 20 | 20.0
Fighting       | 4 5 6 7 8 9 11 12 14 15 16 | 16.7
Armour         | 3 4 5 6 8 9 10 12 13 15 17 19 | 19.8
Dodging        | 3 4 5 6 7 8 10 11 12 13 15 | 15.2
Stealth        | 1 |  1.1

Action                   |  1- 3 |  4- 6 |  7- 9 | 10-12 | 13-15 | 16-18 || total
-------------------------+-------+-------+-------+-------+-------+-------++-------
Melee: Hand axe          |    97 |    94 |   190 |       |       |       ||   381
       Headbutt          |    14 |    23 |    62 |   137 |   113 |   297 ||   646
       Battleaxe         |       |       |     9 |   478 |   320 |   875 ||  1682
       Unarmed           |       |       |       |       |     9 |       ||     9
Invok: Berserk           |     2 |     4 |     9 |    18 |    11 |    20 ||    64
       Trog's Hand       |       |       |     1 |     4 |     2 |     5 ||    12
       Brothers in Arms  |       |       |     1 |     3 |     2 |     9 ||    15
Evoke: Wand              |       |       |     3 |       |     1 |       ||     4
  Use: Scroll            |     7 |     1 |    13 |    13 |     5 |    13 ||    52
       Potion            |       |       |       |     2 |     4 |       ||     6
Armor: Chain mail        |    32 |       |       |       |       |       ||    32
       Plate armour      |    35 |    52 |   120 |   244 |   247 |   632 ||  1330
Dodge: Dodged            |    53 |    20 |   130 |   258 |   348 |   760 ||  1569

Table legend: (Time is in decaauts)
 A = Elapsed time spent in this place.
 B = Non-inter-level travel time spent in this place.
 C = Inter-level travel time spent in this place.
 D = Time resting spent in this place.
 E = Time spent auto-exploring this place.
 F = Levels seen in this place.
 G = Mean time per level.
                   A        B        C        D        E       F      G
               +--------+--------+--------+--------+--------+-----+--------+
         Total |  29218 |  27643 |   1575 |   5067 |  16080 |  28 | 1043.5 |
       Dungeon |  16406 |  15382 |   1024 |   2468 |   9572 |  15 | 1093.7 |
          Lair |   6094 |   5735 |    359 |    909 |   3453 |   6 | 1015.7 |
         Swamp |   4119 |   4054 |     65 |   1243 |   1803 |   4 | 1029.8 |
  Orcish Mines |   2188 |   2062 |    126 |    362 |   1178 |   2 | 1094.0 |
        Bailey |    411 |    411 |      0 |     83 |     73 |   1 |  411.0 |
               +--------+--------+--------+--------+--------+-----+--------+

Top non-repeatable levels by time:
     D:7: 1727 daAuts
    D:11: 1511 daAuts
 Swamp:2: 1476 daAuts
   Orc:2: 1415 daAuts
    D:15: 1378 daAuts
  Lair:5: 1314 daAuts
     D:8: 1311 daAuts
     D:9: 1275 daAuts
    D:12: 1241 daAuts
 Swamp:3: 1117 daAuts
     D:1: 1107 daAuts
     D:6: 1076 daAuts
  Lair:2: 1045 daAuts
  Lair:3: 1042 daAuts
 Swamp:1: 983 daAuts
